Map: Blueshift LE

Players

Scarlett - Winner!

  • Race: Zerg Zerg
  • Spawn Location: 7:00

ShaDoWn

  • Race: Protoss Protoss
  • Spawn Location: 1:00

Event: WCS Montreal 2018

VOD

Have the link to the VOD?

Description

Time

  • Played on: Sept. 8, 2018, 11:02 a.m.
  • Length: 8:05

All games in this series

Show
View Real Time Build Order
Export as new Build Order

Scarlett Zerg - Winner!

Build Orders: Hatch First, Ravager All-In 

Get SALT Encoding   

  12  0:00  Drone  
  13  0:13  Overlord  
  13  0:17  Drone  
  14  0:31  Drone x2  
  16  0:35  Drone  
  17  0:53  Hatchery  
  17  0:55  Drone  
  17  0:59  Drone  
  17  1:02  Extractor  
  17  1:13  Spawning Pool  
  17  1:17  Drone  
  17  1:20  Drone  
  18  1:28  Drone  
  19  1:41  Overlord  
  19  2:00  Hatchery  
  19  2:01  Queen  
  19  2:02  Zergling x2  
  22  2:09  Hatchery  
  21  2:16  Metabolic Boost  
  21  2:19  Drone  
  22  2:28  Drone x2  
  24  2:37  Queen  
  26  2:44  Extractor  
  26  2:47  Roach Warren  
  25  2:59  Hatchery  
  25  3:02  Drone x2  
  25  3:03  Drone  
  27  3:13  Queen  
  27  3:16  Zergling x2  
  30  3:21  Overlord  
  30  3:28  Roach  
  30  3:32  Roach  
  34  3:37  Zergling x2  
  35  3:47  Overlord  
  35  3:49  Ravager  
  35  3:53  Ravager  
  35  3:54  Zergling x2, Roach  
  40  3:59  Roach  
  40  4:00  Zergling x2  
  42  4:11  Zergling x2, Roach  
  44  4:17  Ravager  
  44  4:19  Ravager  
  44  4:22  Zergling x2, Roach  
  44  4:23  Zergling x2  
  48  4:33  Zergling x2, Roach  
  51  4:41  Ravager  
  51  4:44  Zergling x6  
  54  4:50  Ravager  
  54  4:51  Overlord  
  55  4:59  Zergling x4  
  57  5:03  Zergling x2  
  56  5:08  Ravager  
  56  5:09  Zergling x2  
  56  5:13  Zergling x2  
  59  5:14  Zergling x2  
  59  5:21  Roach  
  62  5:23  Overlord  
  56  5:44  Zergling x6, Roach  
  56  5:48  Ravager  
  56  5:49  Zergling x6  
  64  6:03  Zergling x2  
  64  6:04  Zergling x6  
  67  6:14  Zergling x2  
  66  6:19  Overlord  
  63  6:36  Queen  
  69  6:40  Roach x2  
  68  6:50  Overlord  
  69  7:01  Ravager  
  69  7:05  Overlord  
  65  7:12  Queen  
  67  7:17  Zergling x2, Roach  
  68  7:39  Zergling x2, Roach  
  64  7:48  Ravager  
Show
View Real Time Build Order
Export as new Build Order

ShaDoWn Protoss 

Build Orders:  

Get SALT Encoding   

  12  0:00  Probe  
  13  0:12  Probe  
  14  0:19  Pylon  
  14  0:24  Probe  
  15  0:33  Probe  
  15  0:42  Probe  
  16  0:44  Gateway  
  17  0:50  Assimilator  
  17  0:52  Probe  
  18  1:04  Probe  
  19  1:13  Forge  
  19  1:17  Probe  
  20  1:25  Pylon  
  20  1:29  Probe  
  21  1:33  Cybernetics Core  
  21  1:47  Photon Cannon  
  21  1:49  Photon Cannon  
  21  1:56  Pylon  
  21  2:08  Photon Cannon  
  21  2:15  Robotics Facility  
  21  2:19  Photon Cannon  
  21  2:35  Gateway  
  21  2:39  Photon Cannon  
  21  2:49  Immortal  
  21  2:50  Shield Battery  
  25  3:12  Shield Battery  
  25  3:17  Warp Prism  
  25  3:18  Pylon  
  27  3:38  Shield Battery  
  27  3:40  Shield Battery  
  27  3:45  Immortal  
  31  3:57  Shield Battery  
  31  3:59  Shield Battery  
  31  4:07  Shield Battery  
  31  4:08  Pylon  
  31  4:12  Pylon  
  31  4:17  Immortal  
  35  4:30  Shield Battery  
  35  4:33  Shield Battery  
  35  4:37  Shield Battery  
  35  4:45  Shield Battery  
  35  4:58  Immortal  
  39  5:09  Photon Cannon  
  38  5:28  Photon Cannon  
  38  5:39  Pylon  
  37  5:45  Pylon  
  41  5:57  Immortal  
  23  6:36  Immortal  
  27  6:50  Shield Battery  
Tags
 
Add a new tag
Caveats
  • Supply blocks, unpowered buildings, or Contaminate may cause inaccurate times.
  • Supply counts are checked every 10 seconds.